 Dungeon Crawl Stone Soup version 0.19.1 (webtiles) character file.

2290 Arnot the Cleaver (level 9, 0/75 HPs)
             Began as a Minotaur Fighter on Dec 16, 2016.
             Was an Initiate of Okawaru.
             Slain by an orc warrior
             ... wielding a +0 glaive
              (12 damage)
             ... on level 8 of the Dungeon.
             The game lasted 00:18:39 (6943 turns).

Arnot the Cleaver (Minotaur Fighter)                Turns: 6943, Time: 00:18:39

Health: 0/75       AC: 15    Str: 29    XL:     9   Next: 17%
Magic:  8/8        EV:  6    Int:  5    God:    Okawaru [......]
Gold:   38         SH: 11    Dex: 10    Spells: 0 memorised, 8 levels left

rFire  . . .     SeeInvis +     a - +1 war axe
rCold  + . .     Gourm    .     y - +0 plate armour
rNeg   . . .     Faith    .     c - +0 shield
rPois  .         Spirit   .     (helmet restricted)
rElec  .         Reflect  .     t - +1 cloak
rCorr  .         Harm     .     (no gloves)
MR     .....                    (no boots)
Stlth  ..........               h - amulet of regeneration
                                k - ring of protection from cold
                                A - ring of see invisible

@: mighty
A: retaliatory headbutt, horns 2
a: Renounce Religion


You were on level 8 of the Dungeon.
You worshipped Okawaru.
Okawaru was noncommittal.
You were full.

You visited 2 branches of the dungeon, and saw 9 of its levels.
You also visited: Sewer.

You collected 240 gold pieces.
You spent 202 gold pieces at shops.

Inventory:

Hand Weapons
 a - a +1 war axe (weapon)
Armour
 b - a +0 scale mail
 c - a +0 shield (worn)
 t - a +1 cloak (worn)
 y - a +0 plate armour (worn)
Jewellery
 h - an amulet of regeneration (around neck)
 j - an uncursed ring of stealth
 k - a ring of protection from cold (right hand)
 r - a cursed amulet of inaccuracy {unknown}
 A - a ring of see invisible (left hand)
 B - an uncursed ring of protection from cold
Wands
 z - a wand of digging (14/24)
Scrolls
 g - 4 scrolls of recharging
 l - 3 scrolls of identify
 m - a scroll of teleportation
 n - 2 scrolls of fear
 p - 3 scrolls of remove curse
 w - 3 scrolls of enchant weapon
Potions
 d - 5 potions of might
 e - 8 potions of curing
 o - 2 potions of agility
 q - 4 potions of flight
 s - a potion of degeneration {unknown}
 D - 2 potions of haste {unknown}
 E - a potion of brilliance {unknown}
 G - a potion of cancellation {unknown}
Comestibles
 f - 5 bread rations
 i - a meat ration
 u - 3 fruits
 F - 2 beef jerkies


   Skills:
 + Level 5.7 Fighting
 * Level 11.4 Axes
 + Level 6.2 Armour
 + Level 1.3 Dodging
 + Level 7.0 Shields


You had 8 spell levels left.
You didn't know any spells.

Dungeon Overview and Level Annotations

Branches:
Dungeon (8/15)             Temple (1/1) D:6
   Lair: D:8-11

Altars:
Ashenzari
Cheibriados
Dithmenos
Elyvilon
Fedhas
Gozag
Hepliaklqana
Kikubaaqudgha
Makhleb
Nemelex Xobeh
Okawaru
Qazlal
Ru
Sif Muna
Trog
Uskayaw
Xom
Yredelemnul
Zin
The Shining One

Shops:
D:7 ![%?

Annotations:
D:7 Prince Ribbit


Innate Abilities, Weirdness & Mutations

You reflexively headbutt those who attack you in melee.
You have a pair of horns on your head.


Message History

You are too injured to fight recklessly!
You are too injured to fight recklessly!
You are too injured to fight recklessly!
You are too injured to fight recklessly!
You are too injured to fight recklessly!
You completely miss the orc warrior. You headbutt the orc warrior!
The orc warrior is heavily wounded.
Your shield and plate armour prevent you from hitting the orc priest.
You block the orc priest's attack. You block the orc warrior's attack.
You hit the orc priest.
You kill the orc priest!
Okawaru accepts your kill.
You slash the orc warrior! The orc warrior hits you with a glaive.
* * * LOW HITPOINT WARNING * * *
You completely miss the orc warrior.
The orc warrior is almost dead.
You closely miss the orc. You block the orc warrior's attack.
You see here a robe.
The orc warrior hits you from afar with a glaive!
You die...

.## ..# ..# ##.## . ...
#.#####o#
#.....###.....o.#
#......###.####o#
.#..... ..####@#.# #
.....###.#......# #.
.....##.#.##.......
#..##.#.>.........#####
......#.###......##
.....<......#.####
#.......####...#
##.#.#### ...# # #.
...#


You could see an orc warrior and 2 orcs.

Vanquished Creatures
  An oklob plant (D:6)
  A sky beast (D:5)
  2 phantoms
  4 ogres
  A crocodile (D:7)
  2 centaurs
  2 bullfrogs
  A howler monkey (D:4)
  A crimson imp (D:3)
  5 hounds
  2 orc priests
  2 bullfrog skeletons
  A jelly (D:6)
  An iguana (D:5)
  Jessica (D:2)
  6 orc wizards
  Natasha (D:3)
  4 worker ants
  A hound zombie (D:6)
  8 adders
  2 shadow imps (D:6)
  An ooze (D:1)
  An adder skeleton (D:7)
  A worm (D:3)
  2 dart slugs
  5 leopard geckos
  13 orcs
  6 ball pythons
  6 bats
  5 giant cockroaches
  7 goblins
  9 hobgoblins
  20 jackals
  20 kobolds
  4 quokkas
  5 frilled lizards
  2 leopard gecko zombies
  11 rats
  5 bushes (D:6)
  14 plants
186 creatures vanquished.

Vanquished Creatures (others)
  A plant (Sewer)
1 creature vanquished.

Grand Total: 187 creatures vanquished

Notes
Turn   | Place    | Note
-------+----------+-------------------------------------------
     0 | D:1      | Arnot the Minotaur Fighter began the quest for the Orb.
     0 | D:1      | Reached XP level 1. HP: 19/19 MP: 0/0
   187 | D:1      | Reached XP level 2. HP: 25/27 MP: 1/1
   573 | D:1      | Reached skill level 3 in Axes
   721 | D:2      | Reached XP level 3. HP: 33/33 MP: 2/2
  1034 | D:2      | Found a sacrificial altar of Ru.
  1039 | D:2      | Reached XP level 4. HP: 38/40 MP: 3/3
  1069 | D:2      | Reached skill level 4 in Axes
  1080 | D:2      | Noticed Jessica
  1086 | D:2      | Killed Jessica
  1516 | D:3      | Reached XP level 5. HP: 42/46 MP: 4/4
  1556 | D:3      | Reached skill level 5 in Axes
  1819 | D:3      | Found a stormy altar of Qazlal.
  1879 | D:3      | Reached skill level 1 in Dodging
  2114 | D:3      | Noticed Natasha
  2128 | D:3      | Killed Natasha
  2128 | D:3      | Reached XP level 6. HP: 47/53 MP: 5/5
  2469 | D:4      | Found a shattered altar of Ashenzari.
  2580 | D:4      | Reached skill level 6 in Axes
  2580 | D:4      | Reached skill level 5 in Shields
  2862 | D:4      | Reached skill level 7 in Axes
  2862 | D:4      | Reached XP level 7. HP: 60/60 MP: 6/6
  2919 | D:4      | Reached skill level 5 in Armour
  3172 | D:5      | Entered Level 5 of the Dungeon
  3199 | D:5      | Found a shadowy altar of Dithmenos.
  3203 | D:5      | Reached skill level 8 in Axes
  3313 | D:5      | Found a white marble altar of Elyvilon.
  3446 | D:5      | Reached XP level 8. HP: 61/67 MP: 7/7
  3474 | D:5      | Reached skill level 9 in Axes
  3619 | D:5      | Found a glowing drain.
  3643 | Sewer    | Entered a sewer
  4806 | D:6      | Found a blossoming altar of Fedhas.
  4845 | D:6      | Reached skill level 5 in Fighting
  4918 | D:6      | Found a staircase to the Ecumenical Temple.
  5304 | D:6      | Found a blossoming altar of Fedhas.
  5325 | D:6      | Noticed an oklob plant
  5352 | D:6      | HP: 3/68 [acid (17)]
  5368 | D:6      | Killed an oklob plant
  5368 | D:6      | Reached skill level 10 in Axes
  5693 | Temple   | Entered the Ecumenical Temple
  5855 | Temple   | Became a worshipper of Warmaster Okawaru
  6241 | D:7      | Found Neipiani's Distillery.
  6249 | D:7      | Bought 2 potions of curing for 78 gold pieces
  6249 | D:7      | Bought a potion of might for 52 gold pieces
  6249 | D:7      | Bought a potion of might for 52 gold pieces
  6294 | D:7      | Found Ijuodoo's Antique Armour Emporium.
  6345 | D:7      | Found Zoiqio Huxt's Food Shop.
  6357 | D:7      | Found Guthrum's Magic Scroll Emporium.
  6360 | D:7      | Bought a scroll of identify for 20 gold pieces
  6410 | D:7      | Reached skill level 11 in Axes
  6410 | D:7      | Reached XP level 9. HP: 65/74 MP: 8/8
  6487 | D:7      | Noticed Prince Ribbit
  6943 | D:8      | Slain by an orc warrior

Skill      XL: |  1  2  3  4  5  6  7  8  9 |
---------------+----------------------------+-----
Fighting       | 4 5 |  5.7
Axes           | 3 4 5 7 8 11 | 11.4
Armour         | 4 5 6 |  6.2
Shields        | 4 5 6 7 |  7.0
Dodging        | 1 |  1.3

Action                   |  1- 3 |  4- 6 |  7- 9 || total
-------------------------+-------+-------+-------++-------
Melee: War axe           |    74 |   154 |   506 ||   734
       Headbutt          |     7 |    23 |   139 ||   169
Evoke: Wand              |       |       |     1 ||     1
  Use: Scroll            |       |     7 |     8 ||    15
       Potion            |       |     1 |     4 ||     5
 Stab: Paralysed         |       |     3 |       ||     3
  Eat: Bread ration      |       |     1 |       ||     1
       Meat ration       |       |     1 |     2 ||     3
       Pizza             |       |     1 |       ||     1
       Fruit             |       |       |     9 ||     9
Armor: Scale mail        |    35 |    41 |       ||    76
       Plate armour      |       |    18 |   133 ||   151
Dodge: Dodged            |    22 |    42 |    48 ||   112
Block: Shield            |    44 |    77 |   169 ||   290
